 Dungeon Crawl Stone Soup version 0.15-a0-134-gcf47855 (webtiles) character file.

558 PolkaDot the Ruinous (level 6, -1/41 HPs)
             Began as a Vampire Conjurer on Apr 12, 2014.
             Succumbed to a scorpion's poison
             ... on Level 4 of the Dungeon.
             The game lasted 00:24:08 (4930 turns).

PolkaDot the Ruinous (Vampire Conjurer)             Turns: 4930, Time: 00:24:09

HP  -1/41        AC  2     Str  7      XL: 6   Next: 68%
MP   2/10        EV 12     Int 18      God:
Gold 122         SH  0     Dex 15      Spells:  3 memorised,  2 levels left

rFire  . . .     SeeInvis +     f - -1,-2 short sword (curse)
rCold  . . .     Clarity  .     a - +0 robe
rNeg   + . .     Conserve .     (no shield)
rPois  .         rCorr    .     (no helmet)
rElec  .         rRot     .     (no cloak)
SustAb . .       Spirit   .     (no gloves)
rMut   .         Warding  .     (no boots)
Saprov . . .     Stasis   .     (no amulet)
MR     .....                    (no ring)
                                (no ring)

@: lethally poisoned, not resistant to hostile enchantments, stealthy
A: bottle blood, fangs 3, see invisible, unbreathing
a: Bat Form, Bottle Blood


You were on level 4 of the Dungeon.
You were not thirsty.

You visited 1 branch of the dungeon, and saw 4 of its levels.

You collected 122 gold pieces.

Inventory:

Hand weapons
 d - a +3,+0 falchion
 f - a cursed -1,-2 short sword (weapon)
 h - a cursed -2,-3 short sword
Armour
 a - a +0 robe (worn)
 i - a cursed +0 leather armour
Magical devices
 e - a wand of disintegration (10)
Scrolls
 b - a scroll of teleportation
Books
 c - a book of Conjurations

   Spells                             Type                      Level
   *Magic Dart                        Conjuration                  1
   *Searing Ray                       Conjuration                  2
   Dazzling Spray                     Conjuration/Hexes            3
   Fulminant Prism                    Conjuration/Hexes            4
   *Iskenderun's Mystic Blast         Conjuration                  4
   Iskenderun's Battlesphere          Conjuration/Charms           5


   Skills:
 - Level 2.1 Dodging
 - Level 3.0 Stealth
 - Level 2.1 Spellcasting
 * Level 6.1 Conjurations


You had 2 spell levels left.
You knew the following spells:

 Your Spells              Type           Power        Failure   Level  Hunger
a - Magic Dart            Conj           ###.         1%          1    #......
d - Iskenderun's Mystic   Conj           ###.....     17%         4    #####..
s - Searing Ray           Conj           ###...       1%          2    ##.....


Dungeon Overview and Level Annotations

Branches:
Dungeon (4/15)
 Temple: D:4-7

Altars:
Okawaru
Yredelemnul

Annotations:
D:4 Pikel


Innate Abilities, Weirdness & Mutations

You can bottle blood from corpses.
You have razor-sharp teeth.*
You have supernaturally acute eyesight.
You can survive without breathing.*


Message History

Confirm with . or Enter, or press ? or * to list all spells.
Aiming: Searing Ray
Press: ? - help, Shift-Dir - straight line, f/p - scorpion
Aim: a scorpion (almost dead)
The searing ray hits the scorpion.
The scorpion is almost dead.
* * * LOW MAGIC WARNING * * *;
* * * LOW HITPOINT WARNING * * *
You feel sick. The giant gecko misses you. The scorpion misses you.
The searing ray hits the scorpion.
The scorpion is almost dead.
* * * LOW MAGIC WARNING * * *
The giant gecko barely misses you. The scorpion stings you!
* * * LOW HITPOINT WARNING * * *
You are more poisoned.
The scorpion poisons you! The giant gecko misses you.
The searing ray hits the scorpion.
You kill the scorpion!
Your Conjurations skill increases to level 6!
* * * LOW MAGIC WARNING * * *
You die...

#...# #...# ###.#
#.# #.#♣♣♣♣♣
#......♣♣ ♣♣♣
#.......♣♣♣ ♣♣♣♣..
#%#♣♣♣♣♣..♣♣♣....♣
#@# ♣♣♣....♣♣♣♣
#l### ♣♣♣♣♣♣
#K@.## ###..# ##'#
#............@.#
#.........K.@..
#..........@.K.
#..l...........


You could see Pikel, a slave and a giant gecko.

Vanquished Creatures
  A slave (D:4)
  A scorpion (D:4)
  An orc priest (D:3)
  2 iguanas (D:4)
  A giant frog skeleton (D:4)
  4 worker ants (D:4)
  5 adders
  A worm (D:2)
  A giant mite (D:2)
  An ooze (D:3)
  11 orcs
  2 ball pythons (D:1)
  4 giant cockroaches
  6 goblins
  11 hobgoblins
  3 jackals (D:1)
  17 kobolds
  2 quokkas
  9 bats
  2 giant geckos (D:4)
  10 giant newts
  A hobgoblin skeleton (D:4)
  2 orc skeletons (D:4)
  11 rats
109 creatures vanquished.

Notes
Turn   | Place    | Note
--------------------------------------------------------------
     0 | D:1      | PolkaDot, the Vampire Conjurer, began the quest for the Orb.
     0 | D:1      | Reached XP level 1. HP: 13/13 MP: 3/3
   255 | D:1      | Reached XP level 2. HP: 19/19 MP: 1/4
   293 | D:1      | Learned a level 2 spell: Searing Ray
  1123 | D:1      | Reached XP level 3. HP: 12/24 MP: 0/6
  1498 | D:2      | Found an iron altar of Okawaru.
  1781 | D:2      | Reached skill level 4 in Conjurations
  1839 | D:2      | Found a basalt altar of Yredelemnul.
  2383 | D:2      | Reached XP level 4. HP: 27/30 MP: 2/7
  3213 | D:3      | Reached XP level 5. HP: 33/35 MP: 2/9
  3260 | D:3      | HP: 1/35 [orc/short sword (5)]
  3768 | D:4      | Learned a level 4 spell: Iskenderun's Mystic Blast
  3776 | D:4      | Noticed a slave
  3776 | D:4      | Noticed a slave
  3776 | D:4      | Noticed a slave
  3776 | D:4      | Noticed a slave
  3778 | D:4      | Noticed Pikel
  3796 | D:4      | Killed a slave
  4036 | D:4      | Reached skill level 5 in Conjurations
  4329 | D:4      | Reached XP level 6. HP: 22/41 MP: 2/10
  4929 | D:4      | HP: 1/41 [scorpion (7)]
  4930 | D:4      | Reached skill level 6 in Conjurations
  4930 | D:4      | Succumbed to a scorpion's poison

Action                   |  1- 3 |  4- 6 || total
-------------------------+-------+-------++-------
Melee: Unarmed           |    72 |    31 ||   103
       Falchion          |       |    16 ||    16
       Short sword       |       |    42 ||    42
 Cast: Magic Dart        |    52 |    35 ||    87
       Searing Ray       |    12 |    29 ||    41
Evoke: Wand              |       |     1 ||     1
  Use: Potion            |     1 |     9 ||    10
       Scroll            |       |     7 ||     7
 Stab: Sleeping          |     3 |     4 ||     7
